Map: Ulrena

Players

zidar - Winner!

  • Race: Zerg Zerg
  • League: Silver
  • Spawn Location: 7:00

Qbamax

  • Race: Zerg Zerg
  • League: Silver
  • Spawn Location: 11:00

VOD

Have the link to the VOD?

Description

Time

  • Played on: Nov. 28, 2015, 2:21 p.m.
  • Length: 9:40
Show
View Real Time Build Order
Export as new Build Order

zidar Zerg - Winner!

Build Orders: Pool First 

Get SALT Encoding   

  12  0:22  Spawning Pool, Drone  
  12  0:26  Extractor  
  11  0:29  Drone  
  12  0:56  Overlord  
  12  1:08  Queen  
  14  1:12  Overlord  
  14  1:19  Zergling x2  
  14  1:20  Zergling x2  
  14  1:25  Zergling x2  
  17  1:38  Zergling x2  
  18  1:47  Zergling x2  
  18  1:50  Metabolic Boost  
  19  2:04  Zergling x2  
  20  2:20  Zergling x2  
  20  2:21  Zergling x6  
  24  2:48  Zergling x2  
  24  2:49  Zergling x4  
  21  3:27  Zergling x2  
  21  3:28  Zergling x4  
  20  3:49  Zergling x2  
  21  4:16  Hatchery  
  16  4:34  Zergling x2  
  16  4:35  Zergling x10  
  19  4:59  Zergling x6  
  22  5:19  Roach Warren  
  21  5:32  Zergling x2  
  21  5:33  Zergling x8  
  26  5:45  Queen  
  26  5:49  Drone x5  
  33  6:01  Lair  
  33  6:03  Roach  
  35  6:27  Overlord  
  35  6:48  Roach  
  35  6:49  Roach x3  
  35  6:53  Overlord  
  35  6:54  Overlord  
  43  7:12  Overlord  
  43  7:15  Roach x3  
  49  7:20  Drone x2  
  51  7:25  Drone  
  51  7:29  Drone  
  53  7:34  Drone  
  54  7:54  Drone x5  
  59  8:16  Spire  
  58  8:20  Extractor  
  58  8:25  Overlord  
  57  8:29  Roach x3  
  57  8:30  Roach  
Show
View Real Time Build Order
Export as new Build Order

Qbamax Zerg 

Build Orders: Pool First 

Get SALT Encoding   

  12  0:02  Drone  
  13  0:10  Drone  
  14  0:31  Spawning Pool  
  14  0:34  Drone  
  14  0:38  Overlord  
  14  0:57  Drone x3  
  17  1:20  Hatchery  
  17  1:22  Drone x2  
  18  1:29  Queen  
  20  1:39  Spine Crawler  
  19  1:41  Drone  
  19  1:46  Extractor  
  19  1:50  Drone  
  20  1:56  Drone  
  21  2:07  Zergling x2  
  22  2:24  Roach Warren  
  20  2:59  Extractor  
  20  3:05  Queen  
  19  3:15  Drone x3  
  19  3:17  Overlord  
  19  3:18  Overlord x2  
  14  3:38  Roach x3  
  19  3:58  Roach x2  
  23  4:17  Roach  
  17  4:36  Roach x2  
  21  4:51  Queen  
  23  4:53  Drone  
  24  5:07  Drone x3  
  27  5:19  Drone  
  28  5:34  Roach  
  30  5:50  Spine Crawler  
  30  5:54  Roach  
  30  5:55  Roach  
  33  6:07  Drone x3  
  33  6:08  Queen  
  38  6:21  Roach x2  
  42  6:39  Roach  
  46  6:40  Roach  
  46  6:41  Overlord  
  46  7:13  Drone x3  
  46  7:14  Drone x3  
  52  7:32  Roach  
  52  7:33  Lair  
  54  7:53  Spore Crawler x3  
  54  7:57  Spore Crawler  
  50  8:14  Drone x4  
  54  8:42  Hatchery  
  54  8:43  Drone  
  54  8:46  Overlord  
  54  9:07  Evolution Chamber  
  53  9:10  Evolution Chamber  
  53  9:14  Hydralisk Den  
  53  9:15  Drone x2  
  53  9:16  Drone  
Tags
 
Matchup
ZvZ
Race
Zerg
Spawn Locations
Close Positions
Add a new tag
Caveats
  • Supply blocks, unpowered buildings, or Contaminate may cause inaccurate times.
  • Supply counts are checked every 10 seconds.